Map: Romanticide LE

Players

Rogue

  • Race: Zerg Zerg
  • Spawn Location: 11:00

Reynor - Winner!

  • Race: Zerg Zerg
  • Spawn Location: 5:00

Event: ASUS ROG Online 2020

VOD

Have the link to the VOD?

Description

Time

  • Played on: Nov. 29, 2020, 6:30 a.m.
  • Length: 7:10

All games in this series

Show
View Real Time Build Order
Export as new Build Order

Rogue Zerg 

Build Orders: Hatch First 

Get SALT Encoding   

  12  0:02  Drone  
  13  0:12  Overlord  
  13  0:17  Drone  
  14  0:31  Drone x2  
  16  0:49  Hatchery  
  15  0:51  Drone  
  15  0:55  Drone  
  17  0:58  Drone  
  18  1:09  Extractor  
  17  1:12  Spawning Pool  
  17  1:16  Drone  
  17  1:19  Drone  
  18  1:29  Drone  
  19  1:39  Drone  
  20  1:50  Drone  
  21  2:00  Queen  
  21  2:01  Queen  
  25  2:02  Overlord, Drone  
  26  2:11  Metabolic Boost  
  26  2:13  Drone x2  
  28  2:24  Zergling x2, Drone  
  30  2:35  Drone  
  30  2:36  Hatchery  
  30  2:41  Queen  
  32  2:45  Drone  
  33  2:53  Baneling Nest  
  33  2:55  Overlord  
  33  2:57  Drone  
  33  2:59  Zergling x2  
  33  3:00  Drone  
  33  3:05  Drone  
  36  3:14  Drone x2  
  36  3:15  Drone x2  
  36  3:16  Zergling x2  
  36  3:17  Zergling x2  
  42  3:25  Evolution Chamber  
  42  3:26  Overlord  
  41  3:29  Zergling x2  
  41  3:30  Zergling x2  
  43  3:43  Zergling x2  
  43  3:46  Baneling x2  
  44  3:48  Zergling x2  
  44  3:49  Zergling x10  
  44  3:50  Zergling x2  
  44  3:51  Zergling x2  
  44  3:53  Zergling x2  
  44  3:54  Zerg Missile Weapons Level 1  
  53  3:56  Zergling x2  
  54  4:04  Baneling x2  
  54  4:05  Zergling x2  
  54  4:06  Zergling x2  
  54  4:08  Zergling x2  
  57  4:10  Zergling x2  
  57  4:18  Overlord  
  57  4:23  Baneling x3  
  57  4:35  Zergling x2  
  57  4:36  Zergling x12  
  53  4:39  Zergling x2  
  53  4:40  Zergling x10  
  53  4:45  Zergling x2  
  55  4:48  Zergling x2  
  55  4:50  Zergling x8  
  57  4:56  Drone  
  57  5:00  Drone  
  57  5:01  Roach Warren, Drone  
  57  5:06  Drone  
  59  5:11  Drone  
  59  5:12  Extractor  
  59  5:14  Extractor  
  58  5:15  Drone  
  58  5:17  Drone  
  58  5:18  Drone x2  
  62  5:25  Drone x3  
  58  5:29  Overlord x3  
  58  5:39  Overlord  
  58  5:46  Roach  
  58  5:47  Roach x3  
  58  5:48  Roach  
  68  5:52  Roach  
  68  5:55  Roach  
  68  5:56  Roach  
  74  5:59  Roach  
  74  6:01  Roach  
  78  6:05  Roach  
  78  6:08  Roach  
  78  6:10  Roach  
  84  6:14  Roach x2  
  84  6:18  Roach  
  90  6:19  Roach  
  90  6:21  Roach  
  90  6:25  Overlord  
  94  6:31  Overlord  
  94  6:34  Baneling x6  
  94  6:35  Baneling x3  
  94  6:39  Overlord  
  94  6:42  Baneling x2  
  94  6:43  Overlord  
  94  6:46  Zergling x4  
  96  6:51  Zergling x2  
  96  6:52  Zergling x4  
Show
View Real Time Build Order
Export as new Build Order

Reynor Zerg - Winner!

Build Orders: Hatch First 

Get SALT Encoding   

  12  0:00  Drone  
  13  0:12  Overlord  
  13  0:16  Drone  
  14  0:30  Drone x2  
  16  0:48  Hatchery  
  15  0:51  Drone  
  15  0:53  Drone  
  17  0:57  Drone  
  18  1:07  Extractor  
  17  1:13  Spawning Pool  
  17  1:15  Drone  
  17  1:19  Drone  
  18  1:28  Drone  
  19  1:38  Drone  
  20  1:49  Drone  
  21  1:59  Overlord  
  21  2:00  Queen  
  21  2:01  Zergling x2, Queen  
  26  2:09  Metabolic Boost  
  26  2:10  Drone  
  26  2:11  Drone  
  28  2:21  Drone x2  
  30  2:32  Hatchery  
  30  2:35  Drone  
  30  2:38  Drone  
  31  2:44  Baneling Nest  
  31  2:46  Zergling x2  
  31  2:48  Drone  
  32  2:56  Overlord  
  32  2:57  Drone  
  33  3:05  Drone x2  
  35  3:09  Drone  
  36  3:14  Queen  
  36  3:15  Drone x3  
  36  3:19  Overlord  
  41  3:22  Zergling x2  
  41  3:26  Zergling x2, Evolution Chamber  
  42  3:29  Drone  
  42  3:33  Drone, Baneling  
  44  3:41  Drone x4  
  47  3:43  Drone x3  
  47  3:46  Zergling x2  
  51  3:50  Overlord  
  51  3:54  Zerg Missile Weapons Level 1, Drone  
  52  3:57  Drone  
  52  3:58  Drone  
  52  4:01  Zergling x2  
  55  4:05  Drone  
  55  4:06  Drone  
  55  4:08  Baneling  
  57  4:10  Drone  
  57  4:11  Drone  
  57  4:12  Drone x2  
  60  4:17  Drone  
  60  4:19  Drone  
  60  4:21  Zergling x2  
  60  4:22  Roach Warren  
  62  4:26  Baneling x3  
  62  4:27  Zergling x6  
  62  4:30  Overlord  
  65  4:34  Zergling x4  
  65  4:39  Zergling x2  
  65  4:42  Zergling x2, Queen  
  64  4:46  Overlord, Baneling x2  
  63  4:53  Drone  
  63  4:54  Extractor, Drone  
  63  4:55  Extractor, Drone x3  
  63  4:56  Drone x4  
  63  4:57  Drone x2  
  72  5:02  Drone  
  72  5:04  Baneling x2  
  73  5:07  Queen  
  73  5:08  Zergling x2, Roach  
  73  5:10  Spine Crawler  
  73  5:12  Baneling  
  77  5:14  Zergling x4  
  79  5:23  Roach  
  79  5:24  Drone  
  79  5:28  Overlord  
  81  5:30  Overlord x2  
  81  5:33  Extractor  
  81  5:35  Drone  
  81  5:38  Overlord  
  81  5:40  Lair  
  81  5:46  Overlord  
  81  5:47  Drone x3  
  81  5:48  Extractor, Drone  
  83  5:50  Extractor, Queen  
  83  5:51  Roach  
  86  5:57  Roach  
  86  5:58  Drone  
  86  5:59  Drone  
  86  6:00  Hatchery, Drone x2  
  86  6:03  Roach  
  93  6:05  Drone x3  
  93  6:09  Roach  
  93  6:10  Pneumatized Carapace  
  98  6:11  Roach  
  98  6:12  Drone  
  101  6:24  Roach x5  
  111  6:28  Roach  
  111  6:30  Overlord  
  111  6:31  Roach x2  
  111  6:32  Roach  
  119  6:35  Roach  
  119  6:37  Overlord x2  
  121  6:41  Overlord  
  121  6:50  Roach x5  
Tags
 
Add a new tag
Caveats
  • Supply blocks, unpowered buildings, or Contaminate may cause inaccurate times.
  • Supply counts are checked every 10 seconds.